Workbook
Name Máster_de_Formación_Permanente: #REF!
Name Máster_Formación_Permanente: #REF!

Sheet Hoja interna
A3: Modalidad de impartición | F3: Duración | L3: Centro Gestor
B4: Presencial | G4: Menos de un semestre | M4: Facultad de Bellas Artes
B5: Híbrida o Semipresencial | G5: Un semestre | M5: Facultad de CC. Biológicas
B6: Virtual o No presencial | G6: Un año | M6: Facultad de CC. de la Documentación
G7: Dos años | M7: Facultad de CC. de la Información
A8: Tipo de propuesta | G8: Tres años | M8: Facultad de CC. Económicas y Empresariales
B9: Nueva propuesta | M9: Facultad de CC. Físicas
B10: Propuesta con modificación | M10: Facultad de CC. Geológicas
B11: Propuesta sin modificación | F11: Promoción | H11: Curso académico | M11: Facultad de CC. Matemáticas
G12: 2023 - 2024 | I12: 2024 - 2025 | M12: Facultad de CC. Políticas y Sociología
A13: Tipo de curso | B13: Máster Propio | G13: 2024 - 2025 | I13: 2025 - 2026 | M13: Facultad de CC. Químicas
B14: Máster de Formación Permanente | G14: 2024 - 2026 | M14: Facultad de Comercio y Turismo
B15: Diploma de Especialización | G15: 2024 - 2027 | M15: Facultad de Derecho
B16: Experto | M16: Facultad de Educación - Centro Formación Prof.
B17: Internado | H17: Idioma de impartición | M17: Facultad de Enfermería, Fisioterapia y Podología
B18: Posgrado de Especialización | F18: Tipo de prácticas | I18: Castellano | M18: Facultad de Estudios Estadísticos
B19: Diploma de Formación Permanente | G19: Obligatorias | I19: Inglés | M19: Facultad de Farmacia
B20: Certificado de Formación Permanente | G20: Optativas | M20: Facultad de Filología
B21: Microcredencial | M21: Facultad de Filosofía
M22: Facultad de Geografía e Historia
A23: Centro de la UCM | F23: Gestión externa | M23: Facultad de Informática
B24: Facultad de Bellas Artes | M24: Facultad de Medicina
B25: Facultad de CC. Biológicas | G25: Sí | M25: Facultad de Odontología
B26: Facultad de CC. de la Documentación | G26: No | M26: Facultad de Óptica y Optometría
B27: Facultad de CC. de la Información | M27: Facultad de Psicología
B28: Facultad de CC. Económicas y Empresariales | F28: Vinculación | M28: Facultad de Trabajo Social
B29: Facultad de CC. Físicas | G29: UCM | M29: Facultad de Veterinaria
B30: Facultad de CC. Geológicas | G30: Externo | M30: Escuela de Gobierno
B31: Facultad de CC. Matemáticas | M31: Escuela Profesional de Relac. Laborales
B32: Facultad de CC. Políticas y Sociología | F32: Módulo | M32: I. U. Lenguas Modernas y Traductores (IULMyT)
B33: Facultad de CC. Químicas | G33: Presencial | M33: I. C. Estudios Internacionales (ICEI)
B34: Facultad de Comercio y Turismo | G34: No presencial
B35: Facultad de Derecho
B36: Facultad de Educación - Centro Formación Prof. | F36: Reserva de plaza | L36: EXTRACURRICULARES
B37: Facultad de Enfermería, Fisioterapia y Podología | G37: 100 | M37: Sí
B38: Facultad de Estudios Estadísticos | G38: 300 | M38: No
B39: Facultad de Farmacia | G39: 500
B40: Facultad de Filología | G40: 600
B41: Facultad de Filosofía | G41: 1000
B42: Facultad de Geografía e Historia | G42: 1500
B43: Facultad de Informática | L43: Vinculación por contrato con la UCM
B44: Facultad de Medicina
B45: Facultad de Odontología | F45: Admisión previa | M45: Permanente
B46: Facultad de Óptica y Optometría | G46: Sí | M46: No permanente
B47: Facultad de Psicología | G47: No
B48: Facultad de Trabajo Social
B49: Facultad de Veterinaria | E49: Curso académico (memoria último curso)
B50: Hospital Clínico Veterinario | H50: 2019 - 2020
B51: Centro Análisis Sanitarios | H51: 2020 - 2021
B52: Centro Complutense para la Enseñanza del Español | H52: 2021 - 2022
B53: Centro de Donación de Cuerpos y Salas de Disección | H53: 2022 - 2023
B54: Centro de Formación Permanente | H54: 2023 - 2024
B55: Escuela de Gobierno
B56: Escuela Profesional de Relac. Laborales
B57: Escuela Profesional de Medicina Legal y Forense | E57: Promoción (memoria último curso) | H57: 2019 - 2020
B58: I. U. Ciencias Musicales (ICCMU) | H58: 2019 - 2021
B59: I. U. Lenguas Modernas y Traductores (IULMyT) | H59: 2019 - 2022
B60: I. C. Análisis Económico (ICAE) | H60: 2020 - 2021
B61: I. C. Investigaciones Feministas | H61: 2020 - 2022
B62: I. C. Ciencias de la Administración (ICCA) | H62: 2020 - 2023
B63: I. C. Estudios Internacionales (ICEI) | H63: 2021 - 2022
H64: 2021 - 2023
H65: 2021 - 2024
H66: 2022 - 2023
A67: Descuentos | D67: Ramas | H67: 2022 - 2024
H68: 2023 - 2024
A69: Descuento del 10% | B69: 0.1 | E69: Artes y Humanidades
A70: Descuento del 20% | B70: 0.2 | E70: Ciencias
A71: Descuento del 30% | B71: 0.3 | E71: Ciencias de la Salud
A72: Descuento del 40% | B72: 0.4 | E72: Ciencias Sociales y Jurídicas
A73: Descuento del 50% | B73: 0.5 | E73: Ingeniería
A74: Descuento del 60% | B74: 0.6
A75: Descuento del 70% | B75: 0.7
A76: Descuento del 80% | B76: 0.8
A77: Descuento del 90% | B77: 0.9
A78: Descuento del 100% | B78: 1
A80: Conferencias o webinars
A81: Límite de horas para el curso (presencial) | C81: =#REF!*7.5*5% -> #REF!
A82: Límite de horas para el curso (no presencial): | C82: =#REF!*4*5% -> #REF!
A84: Elaboración o actualización de materiales docentes | C84: =IF(AND(#REF!="No presencial",#REF!=1),#REF!*4*50%,IF(AND(#REF!="No presencial",#REF!=2),#REF!*4*40%,IF(AND(#REF!="No presencial",#REF!>=3),#REF!*4*30%,IF(#REF!="Semipresencial",#REF!*5*30%,"")))) -> #REF!

Sheet Presupuesto
A4: PRESUPUESTO DE CURSO DE FORMACIÓN PERMANENTE
A5: DATOS GENERALES DEL TÍTULO
A6: Tipo de curso
A7: Denominación del título (Si se imparte en inglés, especificar título en dicho idioma)
A8: Duración del título | E8: Curso académico
A9: Centro de la UCM
A10: Apellidos y nombre del Director/a:
A11: Apellidos y nombre del Codirector/a:
A13: Precio del título | C13: =SUM(F13:F15) -> 0 | E13: Precio 1er año
E14: Precio 2º año
A15: Nº estudiantes | E15: Precio 3er año
A17: En caso de tener prácticas externas curriculares, indicar nº créditos:
A18: Para Máster Formación Permanente, Diploma de Especialización, Experto e Internado:
A19: Fecha inicio curso | D19: Fecha fin curso
A20: Si se propone un segundo grupo, debe incluir la siguiente información:
A21: Fecha inicio curso | D21: Fecha fin curso
A22: Para Diploma de FP, Certificado de FP y Microcredenciales:
A23: Fecha inicio curso | D23: Fecha fin curso
A24: Si se presenta más de un grupo, debe incluir la siguiente información de cada grupo:
A25: Grupo 1: fecha inicio | C25: Fecha fin | E25: Nº estudiantes
A26: Grupo 2: fecha inicio | C26: Fecha fin | E26: Nº estudiantes
A27: Grupo 3: fecha inicio | C27: Fecha fin | E27: Nº estudiantes
A28: Grupo 4: fecha inicio | C28: Fecha fin | E28: Nº estudiantes
A30: Curso de gestión económica externa
A31: En caso afirmativo, empresa que realiza la gestión externa
A32: DATOS ECONÓMICOS
A33: INGRESOS
A35: DESCUENTOS | C35: Descuento (10%-100%) | D35: Nº estudiantes | E35: Descuento/ estudiante | F35: Ingresos
A36: Programa Alumni o familiares de primer grado de trabajadores UCM | E36: =IFERROR(VLOOKUP(C36,'Hoja interna'!$A$69:$B$78,2,FALSE)*$C$13,0) -> 0 | F36: =C13*D36-E36*D36 -> 0
A39: Trabajadores de la UCM | E39: =IFERROR(VLOOKUP(C39,'Hoja interna'!$A$69:$B$78,2,FALSE)*$C$13,0) -> 0 | F39: =IFERROR(D39*($C$13-Presupuesto!E39),0) -> 0
C41: Total | D41: =SUM(D36+D39) -> 0 | F41: =SUM(F36+F39) -> 0
A42: FINANCIACIÓN EXTERNA
A43: Becados por entidades colaboradoras
C44: Nº estudiantes | D44: Beca/estudiante | E44: Resto a abonar | F44: Ingresos
E45: =IF(D45<>0,C13-D45,"") | F45: =IFERROR(C45*(D45+E45),"")
A47: Otras fuentes de financiación (Indicar nombre o procedencia)
E49: SUBTOTAL | F49: =SUM(F36,F39, F45,F47) -> 0
A50: ESTUDIANTES CON BECA
A51: CANTIDAD MÁXIMA PARA BECAS (hasta 25% de los ingresos de matrícula) | F51: =C15*C13*25% -> 0
A52: CANTIDAD TOTAL APLICADA PARA BECAS | F52: =D54*E54+D55*E55+D56*E56+D57*E57 -> 0
C53: Porcentaje de descuento aplicado | D53: Nº estudiantes | E53: Descuento/estudiante | F53: Ingresos
E54: =IFERROR(VLOOKUP(C54,'Hoja interna'!$A$69:$B$78,2,FALSE)*$C$13,0) -> 0 | F54: =IFERROR(D54*($C$13-Presupuesto!E54),0) -> 0
E55: =IFERROR(VLOOKUP(C55,'Hoja interna'!$A$69:$B$78,2,FALSE)*$C$13,0) -> 0 | F55: =IFERROR(D55*($C$13-Presupuesto!E55),0) -> 0
E56: =IFERROR(VLOOKUP(C56,'Hoja interna'!$A$69:$B$78,2,FALSE)*$C$13,0) -> 0 | F56: =IFERROR(D56*($C$13-Presupuesto!E56),0) -> 0
E57: =IFERROR(VLOOKUP(C57,'Hoja interna'!$A$69:$B$78,2,FALSE)*$C$13,0) -> 0 | F57: =IFERROR(D57*($C$13-Presupuesto!E57),0) -> 0
C58: Total | D58: =SUM(D54:D57) -> 0 | F58: =SUM(F54:F57) -> 0
A60: ESTUDIANTES SIN BECA | D60: Nº estudiantes | E60: Precio matrícula | F60: Ingresos
E61: =C13 -> 0 | F61: =D61*E61 -> 0
C62: Total de estudiantes | D62: =SUM(D36, Presupuesto!D39,C45,D54:D57,D61) -> 0 | E62: =IF(D62<>C15,"El núm. de estudiantes no coincide con lo consignado en Datos generales del titulo","")
C64: TOTAL INGRESOS | E64: =SUM(F49+F58+F61) -> 0
C65: RETENCION UCM | D65: 0.2 | E65: =E64 * D65 -> 0
B66: COTIZACIÓN SS. (PRÁCTICAS EXTERNAS) | D66: 0.01 | E66: =IF(E17,D66*E64, "No aplica") -> No aplica
C67: TOTAL INGRESOS NETOS | E67: =IF(E66="No aplica", E64 - E65, E64-E65-E66) -> 0
A69: GASTOS
A70: (Límite máximo de 30.000€ de remuneración por cada profesor/a por todos los conceptos y cursos de formación permanente en los que participe. Una vez conocidos todos los ingresos, procedentes de las matrículas de los estudiantes, se cumplimentará el Presupuesto incluyendo todo el detalle de Ingresos y Gastos. Para ello ver "Instrucciones de elaboración del Presupuesto").
A73: Dirección y codirección
A75: Coordinación académica / Coordinación de prácticas
A77: Retribución del profesorado (por docencia presencial o no presencial síncrona; docencia virtual asíncrona; elaboración o actualización de materiales didácticos; tutorías; supervisión de prácticas clínicas; tutorización de prácticas externas; tutoría de TFM; tribunal de TFM por miembro; conferencia o webinar):
A79: Otros gastos
C81: TOTAL GASTOS | E81: =IF(E73+E75<=0.2*E64,(E73+E75+E77+E79),"ERROR") -> 0
A82: =IF(E82<>0,"La diferencia de ingresos menos gastos debe ser 0","") | C82: INGRESOS - GASTOS | E82: =E67 - E81 -> 0
A85: La Dirección del curso | D85: El Decanato o Dirección del Centro
A90: Nombre y apellidos: | D90: Nombre y apellidos:
A91: =IF(C10=""," ",C10)
A92: La Gerencia | D92: El/La Responsable de la Ent. de Gestión Externa
A97: Nombre y apellidos: | D97: Nombre y apellidos:
A101: Cuando el presupuesto esté referido a Máster de Formación Permanente, Diploma de Especialización, Experto o Curso de Postgrado, deberá estar firmado por la dirección del curso, el decanato y la gerencia del centro al que se halle adscrito. En caso de gestión externa, el documento deberá ser firmado por la Dirección del curso y el/la responsable de la entidad.
A104: Cuando el presupuesto esté referido a Diploma de Formación Permanente, Certificado de Formación Permanente o Microcredencial, Deberá estar firmado por la Dirección del curso y la Gerencia de la Fundación. En caso de gestión externa, el documento deberá ser firmado por la Dirección del curso, la Gerencia de la Fundación y por el/la responsable de la entidad correspondiente

Sheet RESUMEN ERRORES
O4: VALIDACIONES
A6: PROPUESTA DE CURSO DE FORMACIÓN PERMANENTE
A8: RESUMEN DE ERRORES
B9: En esta pestaña se presenta un resumen de los principales errores en la cumplimentación de la propuesta. Por favor, no presente la propuesta mientras figure algún error en este resumen. Corríjalo en la pestaña que proceda para que desaparezca de esta pestaña. *Si se presenta la propuesta con errores en este apartado, se consideraría no válida. No obstante, el mero hecho de que no figure ningún error en este resumen no implica que la propuesta sea correcta. Eso quedará a criterio de la sección una vez hecha la revisión administrativa y comprobado que cumple con todos los requisitos establecidos por la normativa y las instrucciones que la desarrollan.
C11: HOJA DE DATOS GENERALES | O11: =IF(AND(#REF!="Máster de Formación Permanente",#REF!>59,#REF!<121),"seguir mirando","MASTER KO") -> #REF! | P11: =IF(#REF!=" ","OK","KO") -> #REF! | R11: GLOBAL | S11: =IF(AND(#REF!="Máster de Formación Permanente",P11="OK"),"OK",IF(AND(#REF!="Diploma de Especialización",P12="OK"),"OK",IF(AND(#REF!="Experto",P13="OK"),"OK",IF(AND(#REF!="Diploma de Formación Permanente",P14="OK"),"OK",IF(AND(#REF!="Certificado de Formación Permanente",P15="OK"),"OK",IF(AND(#REF!="Microcredencial",P16="OK"),"OK",IF(AND(#REF!="Internado",P17="OK"),"OK","KO"))))))) -> #REF!
C12: =IF(S11="KO","- El número total de créditos no corresponde con el tipo de curso propuesto"," ") -> #REF! | O12: DIPLOMA | P12: =IF(AND(#REF!="Diploma de Especialización",#REF!>29,#REF!<60),"OK","KO") -> #REF!
C13: =IF(OR(P20="KO",P22="KO"),"- El número de créditos de prácticas externas excede del máximo permitido del 50%"," ") -> #REF! | O13: EXPERTO | P13: =IF(AND(#REF!="Experto",#REF!>19,#REF!<30),"OK","KO") -> #REF!
C14: =IF(P27="KO","- Un curso de gestión externa no puede consignar importe de reserva de plaza.","") -> #REF! | O14: DI FP | P14: =IF(AND(#REF!="Diploma de Formación Permanente",#REF!>14,#REF!<31),"OK","KO") -> #REF!
C15: =IF(P30="OK","","- El centro responsable y el centro gestor no coinciden. Recuerde que la documentación adjunta a la propuesta deberá aportar el visto bueno del centro gestor.") -> #REF! | O15: CER FP | P15: =IF(AND(#REF!="Certificado de Formación Permanente",#REF!>0,#REF!<14),"OK","KO") -> #REF!
C16: =IF(#REF!<>"","","- Es obligatorio incluir un teléfono de información para el curso.") -> #REF! | O16: MICRO | P16: =IF(AND(#REF!="Microcredencial",#REF!>0,#REF!<15),"OK","KO") -> #REF!
C17: =IF(#REF!<>"","","- Es obligatorio incluir un correo electrónico de información para el curso.") -> #REF! | O17: INTER | P17: =IF(AND(#REF!="Internado",#REF!>79),"OK","KO") -> #REF!
C18: =IF(P33="KO","- Debe completar todos los datos del director/a en la hoja de datos generales.","") -> #REF!
C19: =IF(AND(#REF!="",#REF!<>"Nueva propuesta"),"- No se ha indicado el importe del curso anterior en la hoja de datos generales.","") -> #REF!
C20: =IF(P37="KO","- El importe del curso se ha incrementado por encima del IPC '7,3%'. Deberá presentarlo como propuesta CON modificación y justificarlo.","") -> #REF! | O20: PRACTICAS CURR | P20: =IF(#REF!>(#REF!*50/100),"KO","OK") -> #REF!
C21: =IF(P24="KO","- Debe indicar las fechas de inicio y fin del curso.","") -> #REF!
C22: =IF(Q34="KO","- Debe indicar las fechas de las dos convocatorias de títulos propios.","") -> #REF! | O22: PRACTICAS EXTR | P22: ="OK" -> OK
C23: =IF(P53="KO","- Debe indicar en su apartado el nombre y apellidos del decano/la decana del centro responsable.","") -> #REF!
O24: fecha inicio fin | P24: =IF(AND(Q24=TRUE,OR(#REF!="",#REF!="")),"KO","OK") -> #REF! | Q24: =OR(#REF!="Máster de Formación Permanente",#REF!="Diploma de Especialización",#REF!="Experto",#REF!="Internado") -> #REF!
C25: =IF(AND(P30="KO",#REF!=""),"- El centro gestor es distinto del centro responsable. Debe indicar el nombre y apellidos del decano/la decana del centro gestor.","") -> #REF!
C27: HOJA DE DATOS ECONÓMICOS | O27: RESERVA | P27: =IF(AND(#REF!<>"",#REF!="Sí"),"KO","OK") -> #REF!
C28: =IF(P54="KO","- Debe indicar en su apartado el nombre y apellidos del/la gerente del centro responsable.","") -> #REF!
C29: =IF(OR(Presupuesto!E82>0.009,Presupuesto!E82<-0.009),"- El presupuesto no está equilibrado. El balance de ingresos/gastos debe ser igual a cero.","")
C30: =IF(P40="OK","","- El número total de alumnos de la hoja de datos generales no coincide con el desglose hecho en la hoja de datos económicos.") -> #REF! | O30: centro gestor | P30: =IF(#REF!=#REF!,"OK","KO") -> #REF!
C32: HOJA DE DATOS ACADÉMICOS
C33: =IF(P56="KO", "- Las horas de TFM de la memoria académica no coinciden con las horas de tutorización de TFM en la hoja de datos académicos. Estas deben coincidir.","") -> #REF! | O33: datos dir | P33: =IF(OR(#REF!="",#REF!="",#REF!="",#REF!="",#REF!=""),"KO","OK") -> #REF!
O34: convocatorias | P34: =OR(#REF!="Máster de Formación Permanente",#REF!="Diploma de Especialización",#REF!="Experto",#REF!="Internado") -> #REF! | Q34: =IF(AND(P34=TRUE,OR(#REF!="",#REF!="")),"KO","OK") -> #REF!
C35: =IF(P42="KO","- La participación del profesorado UCM no llega al mínimo del 25% exigido, y no se ha cumplimentado el apartado de justificación.","") -> #REF!
C36: =IF(P59="KO","- Las horas de tutorización de prácticas curriculares deben ser las mismas que las calculadas en la hoja de memoria académica.","") -> #REF! | N36: 0.073 | O36: ipc | P36: =IF(#REF!>'RESUMEN ERRORES'!N36,"KO","OK") -> #REF!
C37: =IF(P60="KO","- Las horas de supervisión de prácticas clínicas deben ser las mismas que las calculadas en la hoja de memoria académica.","") -> #REF! | P37: =IF(AND(#REF!="Propuesta sin modificación",'RESUMEN ERRORES'!P36="KO"),"KO","OK") -> #REF!
C39: DESGLOSE DE MÓDULOS
C40: =IF(P44="KO", "- No ha cumplimentado completamente la hoja del módulo de TFM.","") -> #REF! | O40: estudiantes | P40: =IF(Presupuesto!D62=#REF!,"OK","KO") -> #REF!
C41: =IF(P49="KO","- El curso tiene prácticas externas y no ha cumplimentado completamente la hoja de 'módulo de prácticas externas'.","") -> #REF!
C42: =IF(P51="KO","- El curso tiene prácticas clínicas y no ha cumplimentado completamente la hoja de 'módulo de prácticas clínicas'.","") -> #REF! | O42: porcentaje ucm | P42: =IF(AND(#REF!<25%,#REF!=""),"KO","OK") -> #REF!
O44: tfm cumplimentado | P44: =IF(AND(#REF!="Máster de Formación Permanente",OR(#REF!="",#REF!="",#REF!="")),"KO","OK") -> #REF!
O46: 75 horas | P46: =IF(#REF!="Dos años","2",IF(#REF!="Tres años","3","1")) -> #REF!
O49: practicas ext módulo | P49: =IF(#REF!>0,IF(OR(#REF!="",#REF!="",#REF!="",#REF!="",#REF!=""),"KO","OK"),"OK") -> #REF!
O51: practicas clin módulo | P51: =IF(#REF!>0,IF(OR(#REF!="",#REF!="",#REF!="",#REF!=""),"KO","OK"),"OK") -> #REF!
O53: firma decano | P53: =IF(#REF!="","KO","OK") -> #REF!
O54: firma gerente | P54: =IF(Presupuesto!#REF!="","KO","OK") -> #REF!
O56: tutorizacion tfm | P56: =IF(INT(#REF!)<>0,IF(#REF!<>#REF!,"KO","OK"),"OK") -> #REF!
O59: horas practicas curr | P59: =IF(ROUND((#REF!),0)<>0,IF(ROUND((#REF!),0)<>#REF!,"KO","OK"),"OK") -> #REF!
O60: hora prácticas clin | P60: =IF(ROUND((#REF!),0)<>0,IF(ROUND((#REF!),0)<>#REF!,"KO","OK"),"OK") -> #REF!

Sheet Memoria último curso
A6: PROPUESTA DE CURSO DE FORMACIÓN PERMANENTE
A7: =IF(#REF!="","",#REF!&" en " &#REF!) -> #REF!
A9: MEMORIA DEL ÚLTIMO CURSO FINALIZADO
A13: Tipo de curso
A14: Denominación del título (si se ha impartido en inglés, especificar título en dicho idioma)
A15: Duración del título | E15: Curso académico
A16: Modalidad de impartición | E16: Promoción
A17: Idioma de impartición | E17: Nº edición
A18: Centro de la UCM
A19: Rama de conocimiento
A20: Nº de estudiantes matriculados
A21: Nº de estudiantes que han superado el curso
A23: GRADO DEL CUMPLIMIENTO DEL PROGRAMA Y DE LOS OBJETIVOS
A26: INDICADORES O DATOS DE EMPLEABILIDAD
A29: RESULTADOS DE LA ENCUESTA DE SATISFACCIÓN CON EL TÍTULO (Sólo en Máster propio, Diploma de Especialización y Experto)
C32: Firma Director/a del curso
B39: Nombre y apellidos:
